 Dungeon Crawl Stone Soup version 0.23.2-1-ga50397a6bc (webtiles) character file.

Game seed: 8825707123642540429

856 1994 the Fighter (level 8, -3/133 HPs)
             Began as an Ogre Berserker on May 9, 2019.
             Was a Priest of Trog.
             Slain by a bullfrog (6 damage)
             ... on level 6 of the Dungeon.
             The game lasted 00:17:25 (5751 turns).

1994 the Fighter (Ogre Berserker)                   Turns: 5751, Time: 00:17:26

Health: -3/133     AC:  4    Str: 35    XL:     8   Next: 2%
Magic:  8/8        EV: 10    Int:  8    God:    Trog [***...]
Gold:   247        SH:  0    Dex:  8    Spells: 7/7 levels left

rFire    . . .     SeeInvis .   t - +4 mace of Moral Flaws {flame, rElec Str+6}
rCold    + . .     Gourm    .   (no shield)
rNeg     . . .     Faith    .   b - +0 animal skin
rPois    .         Spirit   .   (helmet restricted)
rElec    +         Reflect  .   n - +0 cloak
rCorr    .         Harm     .   (gloves unavailable)
MR       .....                  (boots unavailable)
Stlth    ..........             (no amulet)
HPRegen  0.32/turn              i - ring of protection from cold
MPRegen  0.11/turn              (no ring)

@: berserking (expiring), very quick
A: large, unfitting armour, tough skin 1
a: Berserk, Trog's Hand, Renounce Religion


You were on level 6 of the Dungeon.
You worshipped Trog.
Trog was most pleased with you.
You were hungry.

You visited 2 branches of the dungeon, and saw 7 of its levels.

You collected 247 gold pieces.

Inventory:

Hand Weapons
 a - a +0 war axe
 t - the +4 mace of Moral Flaws (weapon) {flame, rElec Str+6}
   (You found it on level 5 of the Dungeon)

   It has been specially enchanted to burn those struck by it, causing extra
   injury to most foes and up to half again as much damage against particularly
   susceptible opponents.
   It affects your strength (+6).
   It insulates you from electricity.
 u - a +0 vampiric war axe
Missiles
 d - 8 needles of confusion
 e - 65 stones (quivered)
 f - 3 needles of sleeping
 g - 16 poisoned needles
Armour
 b - a +0 animal skin (worn)
 n - a +0 cloak (worn)
Jewellery
 i - a ring of protection from cold (left hand)
Wands
 x - a wand of flame (14)
Scrolls
 j - a scroll of teleportation
 k - a scroll of fear
 o - 2 scrolls of remove curse
 q - a scroll of enchant armour {unknown}
 w - a scroll of enchant weapon {unknown}
 y - 2 scrolls of identify {unknown}
Potions
 h - 2 potions of degeneration {unknown}
 l - a potion of berserk rage {unknown}
 m - 2 potions of might {unknown}
 p - a potion of ambrosia {unknown}
 r - a potion of haste {unknown}
 s - 2 potions of curing {unknown}
 v - a potion of cancellation {unknown}
 z - a potion of mutation {unknown}
Comestibles
 c - 6 rations
 A - 4 chunks of flesh


   Skills:
 * Level 8.4 Fighting
 * Level 6.3 Axes
 + Level 3.4 Throwing
 - Level 2.6 Dodging


You had 7 spell levels left.
You didn't know any spells.
Your spell library was empty.

Dungeon Overview and Level Annotations

Branches:
Dungeon (6/15)             Temple (1/1) D:5

Altars:
Ashenzari
Dithmenos
Gozag
Hepliaklqana
Kikubaaqudgha
Nemelex Xobeh
Okawaru
Qazlal
Ru
Sif Muna
Trog
Uskayaw
Vehumet
Wu Jian
Xom
Yredelemnul
Zin
The Shining One

Shops:
D:5 %:

Annotations:
D:5 3 quasits translucent rock 2 yellow potions


Innate Abilities, Weirdness & Mutations

You are too large for most types of armour.
You have tough skin. (AC +1)


Message History

Trog accepts your kill. The bullfrog hits you.
* * * LOW HITPOINT WARNING * * *
The bullfrog barely misses you. The bullfrog hits you.
* * * LOW HITPOINT WARNING * * *
You thump the bullfrog! You burn the bullfrog.
The bullfrog is almost dead.
The bullfrog hits you.
* * * LOW HITPOINT WARNING * * *
The bullfrog hits you.
* * * LOW HITPOINT WARNING * * *
Unknown command.
You bludgeon the bullfrog!! You burn the bullfrog.
You kill the bullfrog!
Trog accepts your kill.
You have reached level 8!
The bullfrog hits you.
* * * LOW HITPOINT WARNING * * *
You closely miss the bullfrog. The bullfrog hits you.
You die...

.. #.#### ....
####.##
#.....#
#.F...#
#@†...##
#).....#
#....#.##
.O[.^...#..#
....#....##.##
.F..#######..#
##.
.....##.### #.
..........# #
.....###..#


You could see a bullfrog.

Vanquished Creatures
  A sky beast (D:5)
  2 ogres
  A bullfrog (D:6)
  A scorpion (D:4)
  A howler monkey (D:4)
  A centaur zombie (D:6)
  An orc priest (D:4)
  Crazy Yiuf (D:5)
  An orc wizard (D:5)
  A bullfrog skeleton (D:5)
  An iguana (D:4)
  2 worker ants
  4 gnolls (D:3)
  4 adders
  3 oozes
  3 worms (D:2)
  3 dart slugs
  2 leopard geckos
  15 orcs
  7 giant cockroaches
  7 goblins
  7 hobgoblins
  8 jackals
  2 quokkas (D:3)
  9 bats
  7 frilled lizards
  2 gnoll zombies (D:2)
  8 kobolds
  A leopard gecko skeleton (D:5)
  11 rats
117 creatures vanquished.

Notes
Turn   | Place    | Note
-------+----------+-------------------------------------------
     0 | D:1      | 1994 the Ogre Berserker began the quest for the Orb.
     0 | D:1      | Reached XP level 1. HP: 24/24 MP: 1/1
   288 | D:1      | Reached XP level 2. HP: 27/33 MP: 2/2
   687 | D:1      | Reached XP level 3. HP: 35/41 MP: 3/3
  1085 | D:2      | Reached ** piety under Trog
  1098 | D:2      | Found a faded altar of an unknown god.
  1147 | D:2      | Reached skill level 5 in Fighting
  1662 | D:2      | Reached XP level 4. HP: 50/50 MP: 4/4
  1814 | D:2      | Found a basalt altar of Yredelemnul.
  2121 | D:2      | Reached skill level 1 in Throwing
  2450 | D:3      | Reached XP level 5. HP: 25/59 MP: 5/5
  3112 | D:3      | Found an opulent altar of Gozag.
  3210 | D:3      | Reached skill level 6 in Fighting
  3308 | D:3      | Reached *** piety under Trog
  3789 | D:4      | Reached XP level 6. HP: 56/68 MP: 6/6
  4205 | D:4      | Reached skill level 5 in Axes
  4218 | D:4      | Reached skill level 7 in Fighting
  4870 | D:5      | Entered Level 5 of the Dungeon
  4879 | D:5      | Got a dazzling mace
  4881 | D:5      | Identified the +4 mace of Moral Flaws {flame, rElec Str+6}
                  | (You found it on level 5 of the Dungeon)
  4917 | D:5      | Found a runed translucent door.
  4918 | D:5      | Noticed Crazy Yiuf
  4925 | D:5      | Killed Crazy Yiuf
  4981 | D:5      | Found a staircase to the Ecumenical Temple.
  4989 | D:5      | Reached XP level 7. HP: 60/78 MP: 7/7
  5133 | Temple   | Entered the Ecumenical Temple
  5428 | D:5      | Found Mihixt's Food Shoppe.
  5480 | D:5      | Found Fyfebizo's Book Shop.
  5729 | D:6      | Reached skill level 8 in Fighting
  5750 | D:6      | Reached XP level 8. HP: 8/89 MP: 8/8
  5750 | D:6      | HP: 3/133 [bullfrog (6)]
  5751 | D:6      | Slain by a bullfrog

Skill      XL: |  1  2  3  4  5  6  7 |
---------------+----------------------+-----
Fighting       | 5 6 7 8 |  8.4
Axes           | 4 5 6 |  6.3
Throwing       | 1 2 3 |  3.4
Dodging        | |  2.6

Action                   |  1- 3 |  4- 6 |  7- 9 || total
-------------------------+-------+-------+-------++-------
Melee: Hand axe          |   135 |   120 |       ||   255
       War axe           |       |    61 |       ||    61
       Mace              |       |     7 |    54 ||    61
Throw: Stone             |     6 |     7 |       ||    13
Invok: Berserk           |     1 |     6 |     1 ||     8
  Use: Scroll            |       |       |     3 ||     3
  Eat: Chunk             |     3 |    13 |     3 ||    19
       Ration            |       |     1 |       ||     1
Armor: Animal skin       |    44 |    59 |    10 ||   113
Dodge: Dodged            |    65 |    92 |    31 ||   188
